 Dungeon Crawl Stone Soup version 0.27-a0-156-gbcd94eb011 (webtiles) character file.

Game seed: 8738270923314537742

11 Xavori the Cutter (level 2, -3/21 HPs)
             Began as an Octopode Chaos Knight on Jan 28, 2021.
             Was a Plaything of Xom.
             Slain by a kobold
             ... wielding a +0 whip
              (5 damage)
             ... on level 1 of the Dungeon.
             The game lasted 00:00:19 (309 turns).

Xavori the Cutter (Octopode Chaos Knight)            Turns: 309, Time: 00:00:19

Health: -3/21      AC:  1    Str: 11    XL:     2   Next: 29%
Magic:  2/2        EV: 13    Int: 14    God:    Xom [..*...]
Gold:   10         SH:  0    Dex: 11    Spells: 1/1 levels left

rFire    . . .     SeeInvis .   a - +0 short sword (chaos)
rCold    . . .     Faith    .   (no shield)
rNeg     . . .     Spirit   .   (helmet restricted)
rPois    .         Reflect  .   (no amulet)
rElec    .         Harm     .   (no ring)
rCorr    .         Rampage  .   (no ring)
Will     .....                  (no ring)
Stlth    ++........             (no ring)
HPRegen  0.07/turn              (no ring)
MPRegen  0.08/turn              (no ring)
                                (no ring)
                                (no ring)

@: no status effects
A: almost no armour, stealthy swim, amphibious, 8 rings, constrict 8, camouflage
1, gelatinous body 1
a: Renounce Religion


You were on level 1 of the Dungeon.
You worshipped Xom.
You were a toy of Xom.
You visited 1 branch of the dungeon, and saw 1 of its levels.

You collected 10 gold pieces.

Inventory:

Hand Weapons
 a - a +0 short sword of chaos (weapon)
Scrolls
 b - a scroll of fear {unknown}
Potions
 c - a potion of brilliance {unknown}
 d - a potion of flight {unknown}


   Skills:
 + Level 3.1 Fighting
 + Level 3.5 Short Blades
 + Level 2.3 Dodging
 * Level 0.3 Stealth


You had one spell level left.
You didn't know any spells.
Your spell library was empty.

Dungeon Overview and Level Annotations

Branches:
Dungeon (1/15)

Altars:


Innate Abilities, Weirdness & Mutations

You cannot wear most types of armour.
You are very stealthy in the water. (Stealth+)
You are amphibious.
You can wear up to eight rings at the same time.
You can use your tentacles to constrict eight enemies at once.
Your skin changes colour to match your surroundings (Stealth+).
Your rubbery body absorbs attacks. (AC +1, EV +1)


Message History

No target in view!
There is a strange disturbance nearby!
No target in view!
There is a strange disturbance nearby!
No target in view!
There is a strange disturbance nearby!
No target in view!
You miss something. Your squeeze misses something. Something hits you.
You miss something. Something hits you.
You miss something. Something hits you but does no damage.
You hit something but do no damage. You hit something. Something hits you.
* * * LOW HITPOINT WARNING * * *
You hit something but do no damage. Something barely misses you.
You completely miss something. Your squeeze misses something.
Something hits you but does no damage.
You barely miss something. Something hits you.
* * * LOW HITPOINT WARNING * * *
You barely miss something. Something hits you.
You die...

#..P≈♣P≈# ##########
≈###PP≈≈PP# .....######
.P≈#.≈≈P..##..###.......
PP.PP≈♣PP...............
≈PPPP♣PP..#######.......
♣P♣♣≈P.................
♣≈≈≈≈#.#####..........
♣≈≈....# #........##
♣≈≈P.@## #...††...#
P≈≈≈PP{## #........#
PP≈P.≈. #....†...#
P.≈PP.. #..).....#
#.....# ##........#
###### #.........#
#.......### #.......#
#.......#


There were no monsters in sight!

Vanquished Creatures
  A leopard gecko (D:1)
  2 giant cockroaches (D:1)
  2 goblins (D:1)
  A bat (D:1)
  2 kobolds (D:1)
  3 rats (D:1)
11 creatures vanquished.

Notes
Turn   | Place    | Note
-------+----------+-------------------------------------------
     0 | D:1      | Xavori the Octopode Chaos Knight began the quest for the
                  | Orb.
     0 | D:1      | Reached XP level 1. HP: 16/16 MP: 1/1
   157 | D:1      | Reached XP level 2. HP: 14/21 MP: 2/2
   309 | D:1      | Slain by a kobold

Illustrated notes

Levels and vault maps discovered:
D:1:      dpeg_arrival_lava_temple_mockup, layout_basic, serial_bayou_lagoon_a,
          grunt_decor_junction, st_stairs_1

Action                   || total
-------------------------++-------
Melee: Short sword       ||    30
       Constrict         ||     6
       Tentacles         ||     3
 Stab: Sleeping          ||     3
Armor: Skin              ||     4
Dodge: Dodged            ||    11

Table legend: (Time is in decaauts)
 A = Elapsed time spent in this place.
 B = Non-inter-level travel time spent in this place.
 C = Inter-level travel time spent in this place.
 D = Time resting spent in this place.
 E = Time spent auto-exploring this place.
 F = Levels seen in this place.
 G = Mean time per level.
                   A        B        C        D        E       F      G
               +--------+--------+--------+--------+--------+-----+--------+
         Total |    307 |    307 |      0 |      0 |    236 |   1 |  307.0 |
       Dungeon |    307 |    307 |      0 |      0 |    236 |   1 |  307.0 |
               +--------+--------+--------+--------+--------+-----+--------+

Top non-repeatable levels by time:
     D:1: 307 daAuts
